 Dungeon Crawl Stone Soup version 0.31-a0-844-gdc52ec4e09 (webtiles) character file.

Game seed: 9152615324487005587

249 pop123321pop the Cudgeller (level 5, -2/45 HPs)
             Began as a Minotaur Fighter on Sept 30, 2023.
             Slain by a gnoll
             ... wielding a +0 spear
              (7 damage)
             ... on level 3 of the Dungeon.
             The game lasted 00:01:36 (1745 turns).

pop123321pop the Cudgeller (Minotaur Fighter)       Turns: 1745, Time: 00:01:36

Health: -2/45      AC:  6    Str: 21    XL:     5   Next: 87%
Magic:  4/4        EV:  9    Int:  5    God:
Gold:   118        SH:  4    Dex: 11    Spells: 4/4 levels left

rFire   . . .        a - +0 flail
rCold   . . .        c - +0 buckler
rNeg    . . .        b - +0 scale mail
rPois   .            (helmet restricted)
rElec   .            (no cloak)
rCorr   .            (no gloves)
SInv    .            (no boots)
Will    .....        (no amulet) Stlth
                     (no ring)
HPRegen 0.27/turn    (no ring)
MPRegen 0.09/turn

%: no passive effects
@: no status effects
A: horns 2, retaliatory headbutt
a: no special abilities


You were on level 3 of the Dungeon.
You visited 1 branch of the dungeon, and saw 3 of its levels.

You collected 118 gold pieces.

Inventory:

Hand Weapons
 a - a +0 flail (weapon)
Armour
 b - a +0 scale mail (worn)
 c - a +0 buckler (worn)
Jewellery
 j - a ring of positive energy
 k - a +6 ring of strength
 m - an amulet of guardian spirit
 t - a ring of poison resistance
Wands
 n - a wand of polymorph (8)
Scrolls
 e - a scroll of enchant armour {unknown}
 f - 2 scrolls of identify {unknown}
 g - a scroll of enchant weapon {unknown}
 h - a scroll of amnesia {unknown}
 l - 3 scrolls of revelation {unknown}
 o - a scroll of fear {unknown}
 p - a scroll of teleportation {unknown}
 r - 3 scrolls of fog {unknown}
 s - a scroll of noise {unknown}
Potions
 d - a potion of might
 i - a potion of haste {unknown}
 q - a potion of berserk rage {unknown}


   Skills:
 - Level 3.6 Fighting
 + Level 7.5 Maces & Flails
 - Level 3.6 Armour
 - Level 3.6 Shields


You had 4 spell levels left.
You didn't know any spells.
Your spell library was empty.

Dungeon Overview and Level Annotations

Branches:
Dungeon (3/15)

Altars:

Annotations:
D:3 1 transporter


Innate Abilities, Weirdness & Mutations

You have a pair of horns on your head.
You reflexively headbutt those who attack you in melee.


Message History

There are monsters nearby!
You are too injured to fight recklessly!
There are monsters nearby!
You are too injured to fight recklessly!
There are monsters nearby!
You are too injured to fight recklessly!
There are monsters nearby!
You are too injured to fight recklessly!
There are monsters nearby!
You are too injured to fight recklessly!
There are monsters nearby!
You are too injured to fight recklessly!
There are monsters nearby!
You barely miss the gnoll.
The gnoll is severely wounded.
You block the gnoll's attack. The gnoll hits you but does no damage.
The gnoll hits you from afar with a +0 spear.
You hit the gnoll but do no damage.
You headbutt the gnoll, but do no damage.
The gnoll is severely wounded.
You block the gnoll's attack. The gnoll misses you.
The gnoll hits you from afar with a +0 spear!
* * * LOW HITPOINT WARNING * * *
You thump the gnoll!
You kill the gnoll!
The gnoll barely misses you. The gnoll closely misses you.
You hit the gnoll.
The gnoll is lightly wounded.
You block the gnoll's attack.
The gnoll hits you from afar with a +0 spear!
* * * LOW HITPOINT WARNING * * *
You barely miss the gnoll.
The gnoll is lightly wounded.
The gnoll hits you with a +0 club.
* * * LOW HITPOINT WARNING * * *
The gnoll hits you but does no damage.
You sock the gnoll!
You kill the gnoll!
The gnoll hits you from afar with a +0 spear!
You die...

....... #..))..†#
....... ###)...###
....... ##....#†.#
....)..##.....##.#
#..........## .#
###..#..##...#..
##...#####.###.
########..# ... #.
#.....)@#...# #.#
..
#......)...........
#....g......#### #.
#.......#####
#########


You could see a gnoll.

Vanquished Creatures
  An ogre (D:3)
  Jessica (D:2)
  Natasha (twice) (D:2)
  2 adders (D:2)
  3 gnolls (D:3)
  A worm (D:2)
  A dart slug (D:1)
  An orc (D:3)
  4 endoplasms
  3 giant cockroaches
  5 goblins
  6 hobgoblins
  3 jackals (D:2)
  2 kobolds
  4 ball pythons
  8 bats
  3 frilled lizards
  7 rats
57 creatures vanquished.

Notes
Turn   | Place    | Note
-------+----------+-------------------------------------------
     0 | D:1      | pop123321pop the Minotaur Fighter began the quest for the
                  | Orb.
     0 | D:1      | Reached XP level 1. HP: 19/19 MP: 0/0
    89 | D:1      | Reached skill level 3 in Maces & Flails
   204 | D:1      | Reached XP level 2. HP: 26/26 MP: 1/1
   502 | D:1      | Reached skill level 4 in Maces & Flails
   746 | D:2      | Noticed Jessica
   762 | D:2      | Killed Jessica
   763 | D:2      | Reached XP level 3. HP: 31/31 MP: 2/2
  1034 | D:2      | Reached skill level 5 in Maces & Flails
  1276 | D:2      | Reached XP level 4. HP: 37/39 MP: 3/3
  1324 | D:2      | Noticed Natasha
  1330 | D:2      | Killed Natasha
  1373 | D:2      | Noticed Natasha
  1386 | D:2      | Killed Natasha
  1387 | D:2      | Reached skill level 6 in Maces & Flails
  1466 | D:2      | Reached XP level 5. HP: 45/45 MP: 4/4
  1680 | D:3      | Found a transporter.
  1684 | D:3      | Noticed an ogre
  1689 | D:3      | Killed an ogre
  1690 | D:3      | Reached skill level 7 in Maces & Flails
  1745 | D:3      | Slain by a gnoll

Illustrated notes

Levels and vault maps discovered:
D:1:      scummos_arrival_star, layout_basic, corexii_leaking_fountain
D:2:      layout_basic, minmay_misc_feat_square, minmay_quantized, uniq_natasha,
          uniq_jessica
D:3:      layout_rooms, lemuel_round_altar, gammafunk_ghost_stat_death

Skill      XL: |  1  2  3  4  5 |
---------------+----------------+-----
Maces & Flails | 3 4 5 6 7 |  7.5
Fighting       | |  3.6
Armour         | |  3.6
Shields        | |  3.6

Action                     |  1- 3 |  4- 6 || total
---------------------------+-------+-------++-------
  Melee: Flail             |    79 |    47 ||   126
         Headbutt          |    12 |     6 ||    18
 Armour: Scale mail        |    55 |    40 ||    95
         Skin              |     6 |       ||     6
  Dodge: Dodged            |    24 |    14 ||    38
  Block: Buckler           |    21 |     9 ||    30

Table legend: (Time is in decaauts)
 A = Elapsed time spent in this place.
 B = Non-inter-level travel time spent in this place.
 C = Inter-level travel time spent in this place.
 D = Time resting spent in this place.
 E = Time spent auto-exploring this place.
 F = Levels seen in this place.
 G = Mean time per level.
                   A        B        C        D        E       F      G
               +--------+--------+--------+--------+--------+-----+--------+
         Total |   1794 |   1755 |     39 |    112 |   1315 |   3 |  598.0 |
       Dungeon |   1794 |   1755 |     39 |    112 |   1315 |   3 |  598.0 |
               +--------+--------+--------+--------+--------+-----+--------+

Top non-repeatable levels by time:
     D:2: 973 daAuts
     D:1: 754 daAuts
     D:3: 66 daAuts
